 Dungeon Crawl Stone Soup version 0.28.0-53-g5a82cb258f (webtiles) character file.

Game seed: 9420714810933329735

287 dranuc9 the Magician (level 6, 0/32 HPs)
             Began as a Deep Elf Fire Elementalist on July 16, 2022.
             Killed from afar by an orc wizard (9 damage)
             ... with a puff of flame
             ... on level 3 of the Dungeon.
             The game lasted 00:12:27 (2958 turns).

dranuc9 the Magician (Deep Elf Fire Elementalist)   Turns: 2958, Time: 00:12:28

Health: 0/32       AC:  2    Str:  5    XL:     6   Next: 8%
Magic:  9/16       EV: 13    Int: 22    God:
Gold:   116        SH:  0    Dex: 15    Spells: 14/15 levels left

rFire   . . .      SeeInvis .   (no weapon)
rCold   . . .      Faith    .   (no shield)
rNeg    . . .      Spirit   .   a - +0 robe
rPois   .          Reflect  .   (no helmet)
rElec   .          Harm     .   (no cloak)
rCorr   .          Rampage  .   (no gloves)
Will    .....                   (no boots)
Stlth   ++........              (no amulet)
HPRegen 0.10/turn               (no ring)
MPRegen 0.15/turn               (no ring)

@: no status effects
A: no striking features
a: no special abilities


You were on level 3 of the Dungeon.
You visited 1 branch of the dungeon, and saw 3 of its levels.

You collected 116 gold pieces.

Inventory:

Hand Weapons
 k - a +2 quarterstaff of chaos
 m - a +1 whip of electrocution
Armour
 a - a +0 robe (worn)
 g - a +0 chain mail
 l - a +0 cloak
Scrolls
 d - 3 scrolls of identify {unknown}
 e - a scroll of fear {unknown}
 f - a scroll of teleportation {unknown}
 j - 4 scrolls of magic mapping {unknown}
Potions
 b - a potion of haste {unknown}
 c - 2 potions of curing
 h - a potion of ambrosia {unknown}
 i - a potion of heal wounds {unknown}
 n - a potion of degeneration {unknown}


   Skills:
 + Level 2.8 Dodging
 + Level 3.3 Stealth
 + Level 5.4 Spellcasting
 + Level 3.2 Conjurations
 + Level 5.1 Fire Magic


You had 14 spell levels left.
You knew the following spells:

 Your Spells              Type           Power      Damage    Failure   Level
a - Foxfire               Conj/Fire      96%        2x1d8     1%          1

Your spell library contained the following spells:

 Spells                   Type           Power      Damage    Failure   Level
 Scorch                   Fire           56%        2d7       1%          2
 Conjure Flame            Conj/Fire      24%        6-21      5%          3
 Inner Flame              Hex/Fire       17%        N/A       11%         3
 Flame Wave               Conj/Fire      24%        2d7       17%         4


Dungeon Overview and Level Annotations

Branches:
Dungeon (3/15)

Altars:


Message History

You conjure some foxfire!
The foxfire hits the orc but does no damage.
You conjure some foxfire!
The foxfire hits the orc.
The orc is lightly wounded.
You conjure some foxfire!
The foxfire hits the orc.
You kill the orc!
The foxfire hits something.
A magic dart appears from out of thin air!
The magic dart hits you!
You are too injured to fight recklessly!
Casting: Foxfire (safe; 1% risk of failure)
Confirm with . or Enter, or press ? or * to list all spells.
You conjure some foxfire!
The foxfire hits something.
Your magical contamination has completely faded away.
Casting: Foxfire (safe; 1% risk of failure)
Confirm with . or Enter, or press ? or * to list all spells.
You conjure some foxfire!
The foxfire hits something.
You hear some strange, mumbled words.
You are confused.
You're too confused to cast spells.
The foxfire hits something.
You hear some strange, mumbled words.
Something tries to affect you, but you resist.
You're too confused to move!
You bump into the rock wall.
You feel less confused.
You hear some strange, mumbled words.
A magic dart appears from out of thin air!
The magic dart hits you!
* * * LOW HITPOINT WARNING * * *
You hear some strange, mumbled words.
Something tries to affect you, but you resist.
Casting: Foxfire (safe; 1% risk of failure)
Confirm with . or Enter, or press ? or * to list all spells.
You conjure some foxfire!
The foxfire hits something.
You hear some strange, mumbled words.
A puff of flame appears from out of thin air!
The puff of flame hits you!
You die...

##.############
#.#.##......).# ###
.....{.###)#.######.# #..
###.#o# ##..######.# #.# ..#
##)....##.# #.# #.#
#..###.##.# #.# #.
#.#.###.##.# #.. #
#.##...{....### ### ...
####@#.#...## # ###+#
#.§v#...##.#
##...##.#####.##.#
##.....#...#...##.#
##.......##.#.#...##### #
#.........#....†..†...######
+.........'.................
#..)......###....####.##....
#.......## #.#..# #.##.###


There were no monsters in sight!

Vanquished Creatures
  Sigmund (D:2)
  Crazy Yiuf (D:2)
  An orc wizard (D:3)
  An adder (D:2)
  A white imp (D:3)
  2 dart slugs
  6 orcs (D:3)
  2 ball pythons
  7 bats
  4 endoplasms
  6 goblins
  2 hobgoblins (D:1)
  3 jackals (D:3)
  2 quokkas
  A frilled lizard (D:1)
  6 kobolds
  2 rats (D:1)
48 creatures vanquished.

Vanquished Creatures (others)
  143 foxfires
  2 fungi (D:2)
145 creatures vanquished.

Grand Total: 193 creatures vanquished

Notes
Turn   | Place    | Note
-------+----------+-------------------------------------------
     0 | D:1      | dranuc9 the Deep Elf Fire Elementalist began the quest for
                  | the Orb.
     0 | D:1      | Reached XP level 1. HP: 10/10 MP: 6/6
   306 | D:1      | Reached XP level 2. HP: 15/15 MP: 6/8
   489 | D:1      | Found a faded altar of an unknown god.
  1258 | D:2      | Reached XP level 3. HP: 19/19 MP: 6/9
  1919 | D:2      | Noticed Sigmund
  1960 | D:2      | Killed Sigmund
  1961 | D:2      | Reached XP level 4. HP: 5/24 MP: 5/12
  1961 | D:2      | Reached XP level 5. HP: 6/28 MP: 5/14
  2331 | D:2      | Reached skill level 5 in Spellcasting
  2468 | D:2      | Found a runed translucent door.
  2469 | D:2      | Noticed Crazy Yiuf
  2490 | D:2      | Killed Crazy Yiuf
  2491 | D:2      | Reached skill level 5 in Fire Magic
  2653 | D:3      | Reached XP level 6. HP: 32/32 MP: 9/16
  2958 | D:3      | Killed from afar by an orc wizard

Illustrated notes

Levels and vault maps discovered:
D:1:      amcnicky_arrival_flooded_fountain, layout_basic,
          hellmonk_ecumenical_altar_inner_sanctum
D:2:      layout_loops_ring, uniq_crazy_yiuf_cottage, uniq_sigmund
D:3:      layout_loops_corners, serial_glass, glass_columns_b, glass_columns_a,
          glass_columns_a, glass_columns_c, glass_columns_b, glass_columns_b,
          glass_columns_a, glass_columns_a, uniq_terence

Skill      XL: |  1  2  3  4  5 |
---------------+----------------+-----
Fire Magic     | 4 5 |  5.1
Stealth        | 3 |  3.3
Spellcasting   | 4 5 |  5.4
Conjurations   | 2 3 |  3.2
Dodging        | |  2.8

Action                   |  1- 3 |  4- 6 || total
-------------------------+-------+-------++-------
Melee: Unarmed           |       |     8 ||     8
 Cast: Foxfire           |    71 |    36 ||   107
Dodge: Dodged            |     4 |     3 ||     7
